 Dungeon Crawl Stone Soup version 0.23-a0-655-g3751e1c (console) character file.

8 Duffy the Firebug (level 2, 2/19 HPs)
             Began as a Demonspawn Fire Elementalist on Jan 7, 2019.
             Quit the game on level 2 of the Dungeon.
             The game lasted 00:00:24 (346 turns).

Duffy the Firebug (Demonspawn Fire Elementalist)     Turns: 346, Time: 00:00:24

Health: 2/19       AC:  2    Str:  8    XL:     2   Next: 0%
Magic:  2/5        EV: 12    Int: 16    God:
Gold:   38         SH:  0    Dex: 13    Spells: 4/5 levels left

rFire    . . .     SeeInvis .   (no weapon)
rCold    . . .     Gourm    .   (no shield)
rNeg     . . .     Faith    .   a - +0 robe
rPois    .         Spirit   .   (no helmet)
rElec    .         Reflect  .   (no cloak)
rCorr    .         Harm     .   (no gloves)
MR       .....                  (no boots)
Stlth    ++........             (no amulet)
HPRegen  0.06/turn              (no ring)
MPRegen  0.09/turn              (no ring)

@: no status effects
A: talons 1
a: no special abilities


You were on level 2 of the Dungeon.
You were not hungry.

You visited 1 branch of the dungeon, and saw 2 of its levels.

You collected 38 gold pieces.

Inventory:

Armour
 a - a +0 robe (worn)
Scrolls
 d - a scroll of identify {unknown}
 e - a scroll of fog {unknown}
Potions
 f - a potion of degeneration {unknown}
 g - a potion of lignification {unknown}
Comestibles
 b - a chunk of flesh
 c - 3 rations


   Skills:
 - Level 1.7 Dodging
 - Level 1.7 Stealth
 + Level 2.2 Spellcasting
 + Level 1.4 Conjurations
 + Level 2.8 Fire Magic


You had 4 spell levels left.
You knew the following spells:

 Your Spells              Type           Power        Failure   Level  Hunger
h - Flame Tongue          Conj/Fire      #....        9%          1    #......

Your spell library contained the following spells:

 Spells                   Type           Power        Failure   Level  Hunger
 Throw Flame              Conj/Fire      #.....       13%         2    ###....
 Conjure Flame            Conj/Fire      #.......     26%         3    ###....
 Inner Flame              Hex/Fire       #.......     34%         3    ###....
 Sticky Flame             Conj/Fire      #.......     63%         4    #####..
 Fireball                 Conj/Fire      #.........   93%         5    ######.


Dungeon Overview and Level Annotations

Branches:
Dungeon (1/15)

Altars:


Innate Abilities, Weirdness & Mutations

You have sharp toenails.


Message History

The goblin wields a +0 hunting sling.
The goblin shoots a sling bullet.
The sling bullet hits you.
You see here a sling bullet.
The goblin shoots a sling bullet.
The sling bullet hits you.
Found 10 poisoned needles.
You see here a sling bullet.
The goblin unwields a +0 hunting sling.
The goblin hits you.
You see here a plate armour.
You hit the goblin but do no damage. The goblin misses you.
You hit the goblin but do no damage. The goblin closely misses you.
You hit the goblin.
The goblin is moderately wounded.
The goblin hits you.
You hit the goblin but do no damage.
The goblin is moderately wounded.
The goblin hits you.
You hit the goblin.
The goblin is heavily wounded.
The goblin closely misses you.
Are you sure you want to abandon this character and quit the game? (Confirm

####### #......
####### ###....
#.....### #....
##.......##### #....
#............# #....
#...?(.###.####....
#...(#.#.....#...#.
#$(..#.#.#.#.#...#.
#@#..#...#.#.##..#.
#.g(#..#####.#.....##
##..#.... #.#####.#
#..#..### #.# ..#
##..... #.# ##
#####.# #.. ..


You could see a goblin.

Vanquished Creatures
  2 bats
  A goblin (D:1)
  A hobgoblin (D:2)
  A quokka (D:2)
  2 frilled lizards (D:2)
  A rat (D:2)
8 creatures vanquished.

Notes
Turn   | Place    | Note
-------+----------+-------------------------------------------
     0 | D:1      | Duffy the Demonspawn Fire Elementalist began the quest for
                  | the Orb.
     0 | D:1      | Reached XP level 1. HP: 13/13 MP: 3/3
    95 | D:1      | You fall through a shaft!
   336 | D:2      | Gained mutation: You have sharp toenails. [demonic
                  | ancestry]
   336 | D:2      | Reached XP level 2. HP: 19/19 MP: 1/5
   346 | D:2      | Quit the game

Vault maps used:
D:1:      co_arrival_random_square_maze
D:2:      chequers_ecumenical_altar_simple_redux, first_ration,
          minmay_tetromino_i2

Action                   || total
-------------------------++-------
Melee: Unarmed           ||     6
 Cast: Flame Tongue      ||    12
Armor: Robe              ||     2
Dodge: Dodged            ||     4

Table legend:
 A = Non-vault XP
 B = Vault XP
 C = Vault XP percentage of total XP
 D = Non-vault monster count
 E = Vault monster count
 F = Vault count percentage of total count
                 A         B        C        D         E       F
            +---------+---------+-------+---------+---------+-------
      Total |      10 |       2 |  16.7 |       7 |       1 |  12.5
            +---------+---------+-------+---------+---------+-------
        D:1 |       4 |       0 |   0.0 |       2 |       0 |   0.0
        D:2 |       6 |       2 |  25.0 |       5 |       1 |  16.7
            +---------+---------+-------+---------+---------+-------
